 Dungeon Crawl Stone Soup version 0.28.0-53-g5a82cb258f (webtiles) character file.

Game seed: 7154670374159292420

201150 OrcWarrior the Impaler (level 18, -39/187 HPs)
             Began as a Hill Orc Fighter on June 2, 2022.
             Was the Champion of Ashenzari.
             Killed from afar by a living spell (75 damage)
             ... with a crystal spear
             ... summoned by a walking crystal tome
             ... on level 4 of the Depths.
             The game lasted 02:15:14 (32994 turns).

OrcWarrior the Impaler (Hill Orc Fighter)          Turns: 32994, Time: 02:15:15

Health: -39/187    AC: 46    Str: 27    XL:     18   Next: 98%
Magic:  19/19      EV:  7    Int: 13    God:    Ashenzari [******]
Gold:   830        SH:  0    Dex:  8    Spells: 18/18 levels left

rFire   + + .      SeeInvis +   n - +10 halberd of the Stellar Sage {flame, rC+ rN+ Int+3 Dex-5, Range, Bglg} (curse)
rCold   + + +      Faith    .   (shield currently unavailable)
rNeg    + . .      Spirit   .   J - +11 gold dragon scales "Lashed Idealism" {rPois rF+ rC+, Comp, Self} (curse)
rPois   +          Reflect  .   H - -3 helmet of the Cursed Augur {rF+ Will++ Int+2, Range, Melee} (curse)
rElec   .          Harm     .   z - +2 cloak "Shattered Augurer" {rPois, Fort, Elem} (curse)
rCorr   .          Rampage  .   Z - +1 pair of gloves "Disgust of the Cosmos" {Dex+3, Self, Fort} (curse)
Will    +++++      Clarity  +   I - +2 pair of boots of the Lashed Sorrow {Bglg, Elem} (curse)
Stlth   ..........              D - amulet of the Fated Awkwardness {Regen+, Melee, Elem} (curse)
HPRegen 1.21/turn               w - ring of Ashenzari's Paranoia {rC+ Will+++, Evo, Fort} (curse)
MPRegen 0.16/turn               Y - ring of Ashenzari's Seer {AC+4, Self, Alch} (curse)

@: hasted, very quick
A: no striking features
a: Renounce Religion, Shatter the Chains


You were on level 4 of the Depths.
You worshipped Ashenzari.
Ashenzari was exalted by your worship.
You visited 9 branches of the dungeon, and saw 35 of its levels.
You also visited: Gauntlet.

You collected 3205 gold pieces.
You spent 2375 gold pieces at shops.

Inventory:

Hand Weapons
 n - the cursed +10 halberd of the Stellar Sage (weapon) {flame, rC+ rN+ Int+3 Dex-5, Range, Bglg}
   (You took it off a minotaur in a Gauntlet)

   It burns those it strikes, dealing additional fire damage.
   Big, fiery blades are also staple armaments of hydra-hunters.
   Int:       It affects your intelligence (+3).
   Dex:       It affects your dexterity (-5).
   rC:        It protects you from cold.
   rN:        It protects you from negative energy.
   It has a curse which improves the following skills: Ranged Combat: Slings,
   Bows, Crossbows and Throwing.
   Beguiling: Conjurations, Hexes and Translocations.
Missiles
 k - 8 boomerangs of dispersal
 G - 3 throwing nets
 K - 2 curare-tipped darts
Armour
 b - the -2 pair of gloves of Dithmenos's Generosity {rElec Str-4 Dex+6}
   (You found it in a Gauntlet)

   Str:       It affects your strength (-4).
   Dex:       It affects your dexterity (+6).
   rElec:     It insulates you from electricity.
 z - the cursed +2 cloak "Shattered Augurer" (worn) {rPois, Fort, Elem}
   (You found it in a Gauntlet)

   It has a curse which improves the following skills: Fortitude: Armour and
   Shields.
   Elements:  Fire Magic, Ice Magic, Air Magic and Earth Magic.
 H - the cursed -3 helmet of the Cursed Augur (worn) {rF+ Will++ Int+2, Range, Melee}
   (You found it on level 15 of the Dungeon)

   Int:       It affects your intelligence (+2).
   rF:        It protects you from fire.
   Will:      It greatly increases your willpower.
   It has a curse which improves the following skills: Ranged Combat: Slings,
   Bows, Crossbows and Throwing.
   Melee Combat: Short Blades, Long Blades, Axes, Maces & Flails, Polearms,
   Staves and Unarmed Combat.
 I - the cursed +2 pair of boots of the Lashed Sorrow (worn) {Bglg, Elem}
   (You found it on level 5 of the Dungeon)

   It has a curse which improves the following skills: Beguiling: Conjurations,
   Hexes and Translocations.
   Elements:  Fire Magic, Ice Magic, Air Magic and Earth Magic.
 J - the cursed +11 gold dragon scales "Lashed Idealism" (worn) {rPois rF+ rC+, Comp, Self}
   (You found it in a Gauntlet)

   rF:        It protects you from fire.
   rC:        It protects you from cold.
   rPois:     It protects you from poison.
   It has a curse which improves the following skills: Companions: Summonings
   and Necromancy.
   Introspection: Fighting and Spellcasting.
 P - the +0 pair of gloves of Cocytus {rF++ rC-}
   (You found it on level 8 of the Dungeon)

   rF:        It greatly protects you from fire.
   rC:        It makes you vulnerable to cold.
 S - the +2 pair of gloves of Philately {rF- Dex+7}
   (You found it on level 14 of the Dungeon)

   Dex:       It affects your dexterity (+7).
   rF:        It makes you vulnerable to fire.
 Z - the cursed +1 pair of gloves "Disgust of the Cosmos" (worn) {Dex+3, Self, Fort}
   (You found it on level 2 of the Lair of Beasts)

   Dex:       It affects your dexterity (+3).
   It has a curse which improves the following skills: Introspection: Fighting
   and Spellcasting.
   Fortitude: Armour and Shields.
Jewellery
 w - the cursed ring of Ashenzari's Paranoia (left hand) {rC+ Will+++, Evo, Fort}
   (You acquired it on level 14 of the Dungeon)

   [ring of protection from cold]

   rC:        It protects you from cold.
   Will:      It greatly increases your willpower.
   It has a curse which improves the following skills: Evocations: Evocations.
   Fortitude: Armour and Shields.
 D - the cursed amulet of the Fated Awkwardness (around neck) {Regen+, Melee, Elem}
   (You found it on level 5 of the Dungeon)

   [amulet of regeneration]

   Regen:     It increases your rate of health regeneration.
   It has a curse which improves the following skills: Melee Combat: Short
   Blades, Long Blades, Axes, Maces & Flails, Polearms, Staves and Unarmed
   Combat.
   Elements:  Fire Magic, Ice Magic, Air Magic and Earth Magic.
 Y - the cursed ring of Ashenzari's Seer (right hand) {AC+4, Self, Alch}
   (You found it on level 2 of the Lair of Beasts)

   [ring of protection]

   AC:        It affects your AC (+4).
   It has a curse which improves the following skills: Introspection: Fighting
   and Spellcasting.
   Alchemy:   Poison Magic and Transmutations.
Wands
 c - a wand of acid (17)
 q - a wand of iceblast (37)
 y - a wand of charming (6)
 M - a wand of flame (25) (quivered)
 N - a wand of paralysis (6)
 Q - a wand of polymorph (4)
 R - a wand of digging (10)
 T - a wand of mindburst (24)
Scrolls
 a - 7 scrolls of magic mapping
 e - 3 scrolls of enchant weapon
 l - 7 scrolls of amnesia
 m - a scroll of brand weapon
 o - 4 scrolls of holy word
 r - 8 scrolls of fear
 v - a scroll of silence
 A - 10 scrolls of immolation
 B - 3 scrolls of fog
 E - 16 scrolls of teleportation
 V - a scroll of summoning
 W - a scroll of blinking
 X - a scroll of acquirement
Potions
 d - 5 potions of might
 f - a potion of ambrosia
 g - 10 potions of attraction
 i - 6 potions of invisibility
 j - 5 potions of mutation
 p - 14 potions of curing
 s - 5 potions of lignification
 t - a potion of cancellation
 x - 2 potions of brilliance
 C - a potion of heal wounds
 F - 6 potions of flight
 L - 3 potions of haste
 O - 3 potions of magic
 U - a potion of berserk rage
Miscellaneous
 h - a phial of floods
 u - a phial of floods


   Skills:
 + Level 18.0(22.8) Fighting
 - Level 17.9(24.8) Axes
 + Level 18.0(23.3) Polearms
 + Level 13.7(18.8) Armour
 - Level 9.2(14.3) Shields
 + Level 10.7(15.8) Fire Magic
 + Level 14.2(16.8) Evocations


You had 18 spell levels left.
You didn't know any spells.
Your spell library contained the following spells:

 Spells                   Type           Power      Damage    Failure   Level
 Apportation              Tloc           2%         N/A       97%         1
 Animate Skeleton         Necr           2%         N/A       98%         1
 Beastly Appendage        Tmut           2%         N/A       98%         1
 Pain                     Necr           4%         1d4       98%         1
 Sting                    Tmut/Pois      4%         1d3       98%         1
 Summon Small Mammal      Summ           4%         N/A       98%         1
 Blink                    Tloc           2%         N/A       99%         2
 Corpse Rot               Necr/Air       2%         N/A       99%         2
 Ensorcelled Hibernation  Hex/Ice        4%         N/A       99%         2
 Poisonous Vapours        Pois/Air       2%         N/A       99%         2
 Wereblood                Tmut           1%         N/A       99%         2
 Frozen Ramparts          Ice            4%         1d2       100%        3
 Gell's Gravitas          Tloc           1%         N/A       100%        3
 Lesser Beckoning         Tloc           1%         N/A       100%        3
 Portal Projectile        Hex/Tloc       2%         N/A       100%        3
 Spider Form              Tmut/Pois      1%         N/A       100%        3
 Summon Guardian Golem    Hex/Summ       1%         N/A       100%        3
 Teleport Other           Tloc           1%         N/A       100%        3
 Tukima's Dance           Hex            1%         N/A       100%        3
 Anguish                  Hex/Necr       0%         N/A       100%        4
 Animate Dead             Necr           0%         N/A       100%        4
 Fulminant Prism          Conj/Hex       0%         3d6       100%        4
 Hailstorm                Conj/Ice       2%         3d3       100%        4
 Ice Form                 Ice/Tmut       1%         N/A       100%        4
 Iskenderun's Mystic Bla  Conj/Tloc      1%         2d3       100%        4
 Leda's Liquefaction      Hex/Erth       1%         N/A       100%        4
 Passage of Golubria      Tloc           1%         N/A       100%        4
 Summon Ice Beast         Ice/Summ       1%         N/A       100%        4
 Summon Lightning Spire   Summ/Air       1%         N/A       100%        4
 Agony                    Necr           1%         N/A       100%        5
 Blade Hands              Tmut           0%         N/A       100%        5
 Excruciating Wounds      Necr           0%         N/A       100%        5
 Freezing Cloud           Conj/Ice/Air   1%         6-21      100%        5
 Irradiate                Conj/Tmut      0%         3d13      100%        5
 Lee's Rapid Deconstruct  Erth           1%         3d5*      100%        5
 Lightning Bolt           Conj/Air       1%         1d12      100%        5
 Manifold Assault         Tloc           1%         N/A       100%        5
 Yara's Violent Unravell  Hex/Tmut       0%         3d3       100%        5
 Dispersal                Tloc           0%         N/A       100%        6
 Eringya's Noxious Bog    Tmut/Pois      0%         N/A       100%        6
 Simulacrum               Ice/Necr       0%         N/A       100%        6
 Statue Form              Tmut/Erth      0%         N/A       100%        6
 Dragon Form              Tmut           0%         N/A       100%        7
 Enfeeble                 Hex            0%         N/A       100%        7
 Haunt                    Necr/Summ      0%         N/A       100%        7
 Malign Gateway           Summ/Tloc      0%         N/A       100%        7
 Orb of Destruction       Conj           0%         9d5       100%        7
 Spellforged Servitor     Conj/Summ      0%         N/A       100%        7
 Storm Form               Tmut/Air       0%         N/A       100%        7
 Infestation              Necr           0%         N/A       100%        8
 Maxwell's Capacitive Co  Air            1%         ∞         100%        8
 Summon Horrible Things   Summ           0%         N/A       100%        8
 Chain Lightning          Conj/Air       1%         3d1       100%        9
 Fire Storm               Conj/Fire      10%        8d3       100%        9
 Polar Vortex             Ice            1%         N/A       100%        9
 Shatter                  Erth           1%         3d5*      100%        9


Dungeon Overview and Level Annotations

Branches:
Dungeon (15/15)            Temple (0/1) D:5            Lair (6/6) D:11
  Swamp (4/4) Lair:2       Spider (1/4) Lair:3        Slime (1/5) Lair:5
    Orc (2/2) D:11            Elf (1/3) Orc:2        Vaults (0/5) D:14
 Depths (4/4) D:15           Hell (visited)         Gauntlet (visited)
    Dis: Hell:1         Geh: Hell:1         Coc: Hell:1         Tar: Hell:1
    Zot: Depths:4

Altars:
Ashenzari
Dithmenos
Fedhas
Makhleb
Trog
Vehumet
Wu Jian
Xom
Yredelemnul
The Shining One
Beogh

Shops:
D:4 *   D:8 (!=   D:9 *   D:12 ?(*   Orc:2 (=*[   Depths:1 ?=   Depths:2 *:

Portals:
Hell: Depths:1 Depths:2 Depths:3
Pandemonium: Depths:1

Annotations:
Hell Geryon


Message History

Press: ? - help, Q - select action, (/) - cycle Shift-Dir - straight line, f/p - walking crystal tome
Aim: a walking crystal tome (lightly damaged, 92% to hit)
The puff of flame hits the walking crystal tome but does no damage.
The walking crystal tome is lightly damaged.
The walking crystal tome erupts in a flurry of living spells!
The walking crystal tome erupts in a flurry of living spells!
The living spell casts itself at you. The crystal spear hits you!!!
Aiming: Throw Flame
Press: ? - help, Q - select action, (/) - cycle Shift-Dir - straight line, f/p - walking crystal tome
Aim: a walking crystal tome (lightly damaged, 92% to hit)
The puff of flame hits the walking crystal tome but does no damage.
The walking crystal tome is lightly damaged.
The living spell casts itself at you. The crystal spear misses you.
The living spell casts itself at you. The crystal spear hits you!
The living spell casts itself at you. The crystal spear misses you.
You puncture the walking crystal tome! You burn the walking crystal tome.
The walking crystal tome is moderately damaged.
The walking crystal tome erupts in a flurry of living spells!
You puncture the walking crystal tome! You burn the walking crystal tome.
The walking crystal tome is moderately damaged.
You hit the walking crystal tome. You burn the walking crystal tome.
The walking crystal tome is moderately damaged.
The walking crystal tome hits you but does no damage.
The living spell casts itself at you. The crystal spear hits you!!!
You barely miss the walking crystal tome.
The walking crystal tome is moderately damaged.
The living spell casts itself at you. The crystal spear hits you!!!
* * * LOW HITPOINT WARNING * * *
There is a stone staircase leading up here.
Okay, then.
You feel yourself speed up. The living spell casts itself at you.
The crystal spear hits you!!!!
You die...

*,*,,, ,*
##...........###.,, ,
,*, #.#........##.###
, * ,,*
###.........######*,
,, ,*
#####.......#######*
*, *
∆*######)......##...
, *,, *
######*........#* *
,,, #####...##..####
*
*,,,*,*####;..###..##
* * ,* *
####@..##...##,** * *
####.......... *,*
####.........., ,
#######..........#, *
,................#*,
*#######.......... *
####.....##...
#####.......##*
#######...#.#


You could see a walking crystal tome and a living crystal spell (summoned).

Vanquished Creatures
  Rupert (D:13)
  Agnes (D:14)
  Kirke (D:13)
  2 tengu reavers (Depths:1)
  A thorn hunter (Swamp:3)
  2 azure jellies
  A rockslime (Slime:1)
  A fire giant (D:13)
  2 iron dragons
  2 orc warlords
  An angel (Depths:3)
  A reaper (Depths:1)
  4 stone giants (Depths:2)
  13 very ugly things (Depths:1)
  An eleionoma (Swamp:2)
  2 vampire knights
  Nessos (D:13)
  6 bunyips
  A minotaur (Gauntlet)
  A spark wasp (Lair:3)
  The ghost of Palewisp the Unseen, a journeyman SpEn of Okawaru (D:15)
  3 ettins
  A blizzard demon (Depths:1)
  A merfolk javelineer (Depths:1)
  4 great orbs of eyes
  4 fire dragons
  Fannar (Lair:2)
  6 boulder beetles
  8 ice dragons
  2 yaktaur captains (D:15)
  A ghost crab (Swamp:2)
  21 hydras
  2 hell beasts
  4 rakshasas
  An alligator snapping turtle (shapeshifter) (D:15)
  A spriggan air mage (Depths:3)
  7 centaur warriors
  An anaconda (shapeshifter) (D:13)
  An ogre mage (D:14)
  5 death yaks (D:11)
  3 catoblepae
  5 two-headed ogres
  6 tengu warriors
  8 alligators
  7 deep troll shamans
  5 spriggan berserkers
  5 dancing weapons
  A hell hog (Gauntlet)
  An orc high priest (Orc:2)
  A deep elf knight (Elf:1)
  3 deep troll earth magi
  6 hell knights
  Sonja (D:13)
  A fire crab (shapeshifter) (D:14)
  A sea snake (shapeshifter) (D:15)
  8 iron trolls
  A spark wasp zombie (Depths:2)
  5 goliath frogs
  3 spriggan druids
  5 swamp dragons
  15 deep trolls
  A glowing orange brain (Depths:3)
  A bog body (Swamp:2)
  4 deep elf archers (Elf:1)
  A wizard (D:15)
  2 harpies (Depths:1)
  A wolf spider (D:15)
  9 deep elf zephyrmancers
  2 necromancers
  2 lindwurms
  8 deep elf pyromancers
  An oklob plant (Lair:4)
  5 orc knights
  7 cyclopes
  14 ugly things
  A frost giant zombie (Depths:2)
  4 orc sorcerers (Orc:2)
  2 will-o-the-wisps (Swamp:1)
  A salamander (D:15)
  3 manticores
  2 fire giant zombies (Depths:2)
  7 elephants
  2 black mambas (Lair:6)
  15 cane toads
  A kobold demonologist (D:13)
  6 demonic crawlers (Lair:3)
  2 torpor snails
  A yaktaur (shapeshifter) (Elf:1)
  8 rime drakes
  4 yaktaurs (D:15)
  A spark wasp simulacrum (Depths:2)
  5 tengu conjurers
  9 komodo dragons
  2 efreet
  4 red devils (Elf:1)
  5 freezing wraiths
  A golden dragon simulacrum (Depths:2)
  2 meliai
  5 hornets
  2 polar bears (Lair:6)
  2 trolls
  2 bloated husks
  A wolf spider simulacrum (D:15)
  9 tyrant leeches
  2 tarantellas
  6 slime creatures
  17 blink frogs
  3 spriggans
  A centaur simulacrum (D:15)
  An air elemental (Elf:1)
  5 jumping spiders
  2 shadows
  3 water elementals
  A culicivora (shapeshifter) (Gauntlet)
  2 culicivoras (Lair:3)
  4 wraiths
  4 wyverns
  3 vampires
  58 yaks
  2 hogs (D:13)
  A hog (shapeshifter) (Gauntlet)
  A human (shapeshifter) (D:15)
  2 fire bats (Gauntlet)
  A fire bat (shapeshifter) (D:15)
  4 steam dragons
  3 swamp worm simulacra (Swamp:4)
  5 basilisks
  6 redbacks
  8 vampire mosquitoes
  16 swamp worms
  4 wargs
  16 hydra simulacra (Swamp:4)
  2 acid dragons
  16 water moccasins
  3 hell hounds (Gauntlet)
  2 swamp drakes (Lair:6)
  An acid dragon (shapeshifter) (D:14)
  21 orc warriors
  2 sky beasts (D:6)
  3 black bears
  A necrophage (D:7)
  6 boggarts
  19 centaurs
  16 wolves
  5 ogres
  A kobold brigand (D:9)
  7 bullfrogs
  A gnoll sergeant (D:13)
  5 scorpions
  6 earth elementals (D:12)
  5 killer bees (D:9)
  A howler monkey (D:12)
  5 wights (D:8)
  6 electric eels
  A bullfrog zombie (D:5)
  3 centaur zombies
  9 orc priests
  A bullfrog skeleton (D:6)
  A hound (D:6)
  5 jellies
  2 centaur skeletons
  A gnoll shaman (D:4)
  Jessica (D:2)
  2 iguanas
  20 orc wizards
  14 gnolls
  4 adders
  A shadow imp (D:6)
  A white imp (D:3)
  2 ufetubi
  5 swamp drake simulacra (Swamp:4)
  5 worms
  A dart slug (D:2)
  39 orcs
  8 bats
  7 endoplasms
  4 giant cockroaches
  7 goblins
  3 hobgoblins
  15 kobolds
  6 quokkas
  9 ball pythons
  4 frilled lizards
  3 rats
  A plant (Lair:6)
878 creatures vanquished.

Vanquished Creatures (others)
  A hornet (Swamp:1)
  3 bloated husks
  A spriggan (Swamp:1)
  A water elemental (Elf:1)
  8 fungi
  42 plants
56 creatures vanquished.

Grand Total: 934 creatures vanquished

Notes
Turn   | Place    | Note
-------+----------+-------------------------------------------
     0 | D:1      | OrcWarrior the Hill Orc Fighter began the quest for the
                  | Orb.
     0 | D:1      | Reached XP level 1. HP: 19/19 MP: 1/1
   455 | D:1      | Reached XP level 2. HP: 22/26 MP: 2/2
   936 | D:1      | Reached XP level 3. HP: 29/31 MP: 3/3
  1598 | D:2      | Reached skill level 5 in Axes
  1704 | D:2      | You fall into a shaft and drop 1 floor!
  2095 | D:2      | Reached XP level 4. HP: 37/39 MP: 4/4
  2149 | D:2      | Noticed Jessica
  2166 | D:2      | Killed Jessica
  2704 | D:2      | Reached XP level 5. HP: 45/45 MP: 5/5
  3497 | D:4      | Found a broken altar of Ashenzari.
  3960 | D:4      | Found Caapo's CLEARANCE SALE!.
  3971 | D:4      | Bought a scroll of identify for 8 gold pieces
  3971 | D:4      | Bought a scroll of immolation for 14 gold pieces
  3971 | D:4      | Bought a scroll of fog for 8 gold pieces
  4139 | D:4      | Reached XP level 6. HP: 48/51 MP: 6/6
  4262 | D:4      | Became a worshipper of Ashenzari the Shackled
  4298 | D:5      | Entered Level 5 of the Dungeon
  4481 | D:5      | Found a staircase to the Ecumenical Temple.
  4488 | D:5      | Noticed a steam dragon
  4510 | D:6      | Noticed a sky beast
  4520 | D:6      | Killed a sky beast
  4561 | D:6      | Reached XP level 7. HP: 57/57 MP: 7/7
  4583 | D:6      | Reached skill level 10 in Axes
  5161 | D:6      | Found a glowing golden altar of the Shining One.
  5198 | D:6      | Found a shadowy altar of Dithmenos.
  5267 | D:5      | Reached skill level 5 in Fighting
  5301 | D:5      | Reached XP level 8. HP: 67/68 MP: 8/8
  5451 | D:5      | Found a large runed translucent door.
  5703 | D:5      | Found a large runed translucent door.
  5848 | D:5      | Found a burning altar of Makhleb.
  5858 | D:5      | Found a basalt altar of Yredelemnul.
  6074 | D:7      | Noticed a wyvern
  6083 | D:7      | Killed a wyvern
  6114 | D:7      | Found an ornate altar of the Wu Jian Council.
  6115 | D:7      | Reached * piety under Ashenzari
  6365 | D:7      | Found a bloodstained altar of Trog.
  6405 | D:7      | Reached XP level 9. HP: 79/86 MP: 9/9
  6536 | D:8      | Found Qoof's Distillery.
  6549 | D:8      | Reached skill level 10 in Fighting
  6553 | D:8      | Bought a potion of haste for 130 gold pieces
  6553 | D:8      | Bought a potion of heal wounds for 65 gold pieces
  6617 | D:8      | Found Diesteaz's Jewellery Boutique.
  6810 | D:8      | Reached ** piety under Ashenzari
  6886 | D:8      | Found Ceacvup's Antique Weapon Shoppe.
  6907 | D:8      | Identified the +0 pair of gloves of Cocytus {rF++ rC-}
  7286 | D:9      | Noticed a two-headed ogre
  7293 | D:9      | Killed a two-headed ogre
  7294 | D:9      | Reached XP level 10. HP: 83/96 MP: 10/10
  7335 | D:9      | Reached skill level 15 in Axes
  7741 | D:9      | Reached skill level 5 in Armour
  7940 | D:9      | Found Puhul's General Store.
  7947 | D:9      | Bought a scroll of teleportation for 45 gold pieces
  8102 | D:10     | Entered Level 10 of the Dungeon
  8182 | D:10     | Reached skill level 5 in Shields
  8183 | D:10     | Reached XP level 11. HP: 93/105 MP: 11/11
  8333 | D:10     | Reached *** piety under Ashenzari
  8594 | D:10     | Found a blossoming altar of Fedhas.
  8598 | D:10     | Found a shimmering altar of Xom.
  8703 | D:10     | Reached **** piety under Ashenzari
  9296 | D:11     | Found a staircase to the Orcish Mines.
  9586 | D:11     | Noticed a manticore
  9601 | D:11     | Noticed a death yak
  9604 | D:11     | Noticed a manticore
  9607 | D:11     | Noticed a death yak
  9609 | D:11     | Killed a manticore
  9610 | D:11     | Noticed a death yak
  9613 | D:11     | Noticed a death yak
  9707 | D:11     | Noticed a death yak
 10079 | D:11     | Killed a death yak
 10119 | D:11     | Found a staircase to the Lair.
 10127 | D:11     | Killed a manticore
 10175 | D:11     | Reached skill level 1 in Fire Magic
 10175 | D:11     | Reached skill level 1 in Evocations
 10509 | D:12     | Reached ***** piety under Ashenzari
 10519 | D:12     | Found Fediepan's Magic Scroll Shoppe.
 10602 | D:12     | Noticed an eight-headed hydra
 10616 | Lair:1   | Entered Level 1 of the Lair of Beasts
 10683 | Lair:1   | Reached XP level 12. HP: 109/124 MP: 12/12
 10787 | Lair:1   | Noticed a four-headed hydra
 10812 | Lair:1   | Killed a four-headed hydra
 10900 | Lair:1   | Identified the +8 chain mail of Uskayaw's Respect {+Blink
                  | Will++ Regen+ Str+3 Int+4}
 11315 | Lair:1   | Noticed an eight-headed hydra
 11333 | Lair:1   | Killed an eight-headed hydra
 11555 | Lair:1   | Noticed a catoblepas
 11563 | Lair:1   | Killed a catoblepas
 12047 | Lair:2   | Noticed Fannar
 12053 | Lair:2   | Found a staircase to the Swamp.
 12063 | Lair:2   | Killed Fannar
 12399 | Lair:2   | Identified the +1 pair of gloves of Fofentam {Dex+3}
 12949 | Lair:3   | Found a hole to the Spider Nest.
 12988 | Lair:3   | Reached XP level 13. HP: 122/130 MP: 13/13
 12989 | Lair:3   | Reached skill level 5 in Fire Magic
 13052 | Lair:3   | Found a gate leading to a gauntlet.
 13061 | Gauntlet | Entered a Gauntlet
 13061 | Gauntlet | Found a transporter.
 13061 | Gauntlet | Found a transporter.
 13063 | Gauntlet | Found a transporter.
 13063 | Gauntlet | Found a transporter.
 13084 | Gauntlet | Found a transporter.
 13092 | Gauntlet | Found a transporter.
 13096 | Gauntlet | Found a transporter.
 13102 | Gauntlet | Found a runed translucent gate.
 13102 | Gauntlet | Found a runed translucent gate.
 13102 | Gauntlet | Found a runed translucent gate.
 13104 | Gauntlet | Found a transporter.
 13104 | Gauntlet | Identified the -2 pair of gloves of Dithmenos's Generosity
                  | {rElec Str-4 Dex+6}
 13118 | Gauntlet | Identified the +4 pair of boots "Xaamo" {Rampage rCorr}
 13121 | Gauntlet | Found a transporter.
 13136 | Gauntlet | Found a transporter.
 13140 | Gauntlet | Found a transporter.
 13148 | Gauntlet | Found a transporter.
 13261 | Gauntlet | Reached skill level 5 in Evocations
 13332 | Gauntlet | Identified the +10 halberd of Strategic Superiority {flame,
                  | rC+ rN+ Int+3 Dex-5}
 13332 | Gauntlet | Noticed a minotaur
 13333 | Gauntlet | Identified the +0 dagger "Dragonslayer" {vorpal, Fly rC-
                  | Will- Str+9 Int+6}
 13348 | Gauntlet | Killed a minotaur
 13748 | Lair:3   | Identified the +0 ring mail of the Eight Knives {rC+ MP+9
                  | Stlth+}
 14242 | Lair:4   | Reached skill level 1 in Polearms
 14825 | Lair:5   | Identified the +2 robe "Xusmism" {rCorr Str-4 Int+3 Dex+5}
 14862 | Lair:5   | Found a staircase to the Slime Pits.
 14964 | Lair:5   | Identified the +4 war axe of Tension {speed, Str-3 Dex+7
                  | SInv}
 15173 | Lair:5   | Reached skill level 15 in Fighting
 15443 | Slime:1  | Entered Level 1 of the Pits of Slime
 15443 | Slime:1  | Noticed a rockslime
 15443 | Slime:1  | Noticed an azure jelly
 15452 | Lair:5   | Killed an azure jelly
 15453 | Lair:5   | Reached skill level 10 in Armour
 15520 | Lair:6   | Entered Level 6 of the Lair of Beasts
 15607 | Lair:6   | Reached XP level 14. HP: 142/143 MP: 14/14
 15611 | Lair:6   | Reached skill level 5 in Polearms
 16909 | Orc:1    | Entered Level 1 of the Orcish Mines
 17174 | Orc:2    | Entered Level 2 of the Orcish Mines
 17174 | Orc:2    | Found a staircase to the Elven Halls.
 17341 | Orc:2    | Noticed an orc warlord
 17355 | Orc:2    | Found Vifib's General Store.
 17650 | Orc:1    | Killed an orc warlord
 18126 | Orc:2    | Found a roughly hewn altar of Beogh.
 18183 | Orc:2    | Found Exoluwn's Antique Armour Shop.
 18192 | Orc:2    | Found Paschuhi's Jewellery Shop.
 18249 | Orc:2    | Bought a scroll of fear for 45 gold pieces
 18258 | Orc:2    | Found Qoixzua's Antique Weapon Shop.
 18265 | Orc:2    | Bought a masterwork broad axe for 297 gold pieces
 18265 | Orc:2    | Identified the +10 broad axe of Disembowelment {drain,
                  | *Slow rN+ Dex+4} (You bought it in a shop on level 2 of the
                  | Orcish Mines)
 18459 | Elf:1    | Entered Level 1 of the Elven Halls
 18873 | Elf:1    | Paralysed by an air elemental for 1 turns
 18879 | Elf:1    | Paralysed by an air elemental for 1 turns
 18884 | Elf:1    | Paralysed by an air elemental for 1 turns
 18949 | Orc:2    | Reached skill level 10 in Polearms
 18999 | Elf:1    | Reached XP level 15. HP: 136/151 MP: 15/15
 19333 | Elf:1    | Identified the +1 leather armour of Wicked Intercession
                  | {Regen+ Int+2 Dex-3}
 19579 | Elf:1    | HP: 1/151 [deep elf annihilator/iron shot (34)]
 19874 | D:12     | Found Qiar's Weapon Shop.
 20050 | D:12     | Found Qaodecsusa's Assorted Antiques.
 20458 | D:12     | Bought a scroll of fog for 28 gold pieces
 20458 | D:12     | Bought a scroll of magic mapping for 49 gold pieces
 20458 | D:12     | Bought a scroll of enchant armour for 105 gold pieces
 20458 | D:12     | Bought 3 scrolls of fear for 147 gold pieces
 20458 | D:12     | Bought a scroll of teleportation for 42 gold pieces
 20641 | D:13     | Noticed a fire giant
 20870 | Swamp:1  | Entered Level 1 of the Swamp
 21144 | Swamp:1  | Reached skill level 10 in Evocations
 21650 | Spider:1 | Entered Level 1 of the Spider Nest
 22469 | D:13     | Noticed Kirke
 22506 | D:13     | Noticed Nessos
 22541 | D:13     | Killed Nessos
 22550 | D:13     | Noticed Sonja
 22580 | D:14     | Identified the +2 pair of gloves of Philately {rF- Dex+7}
 22697 | D:14     | Noticed Agnes
 22712 | D:14     | Killed Agnes
 22727 | D:14     | Reached XP level 16. HP: 75/159 MP: 16/16
 22835 | D:14     | Found a radiant altar of Vehumet.
 22891 | D:14     | Found a gate to the Vaults.
 22994 | D:14     | Identified a scroll of acquirement
 23028 | D:14     | Acquired the ring "Moimiun" {rC+ Will+++}
 23250 | D:15     | Entered Level 15 of the Dungeon
 23339 | D:15     | Identified the +5 ring mail "Kouxext" {rPois}
 23363 | D:15     | Reached skill level 15 in Polearms
 23592 | D:15     | Found a staircase to the Depths.
 23707 | D:15     | Noticed Palewisp's ghost (journeyman SpEn)
 23707 | D:15     | Identified the -3 helmet of Servitude {rF+ Will++ Int+2}
 23725 | D:15     | Found a runed translucent gate.
 23725 | D:15     | Found a runed translucent gate.
 23728 | D:15     | Found a runed translucent gate.
 24492 | D:13     | Killed Sonja
 24770 | D:13     | Noticed Rupert
 24786 | D:13     | Killed Rupert
 24935 | D:13     | Killed Kirke
 25028 | D:13     | Found a runed translucent door.
 25639 | D:15     | Killed Palewisp's ghost
 25817 | D:15     | Reached ****** piety under Ashenzari
 25936 | D:12     | Bought a scroll of teleportation for 57 gold pieces
 26379 | Swamp:2  | Reached XP level 17. HP: 170/170 MP: 17/17
 27333 | Swamp:4  | Entered Level 4 of the Swamp
 27577 | Swamp:4  | Identified the +2 robe of the Slug {+Inv Will+ rCorr
                  | Stlth+}
 28962 | Slime:1  | Noticed an acid blob
 28964 | Slime:1  | Noticed an acid blob
 29132 | Depths:1 | Entered Level 1 of the Depths
 29339 | Depths:1 | Found a gateway to Hell.
 30005 | Depths:1 | Found Bynok's Jewellery Emporium.
 30011 | Depths:1 | Found Haso's Magic Scroll Shoppe.
 30015 | Depths:1 | Reached XP level 18. HP: 159/178 MP: 18/18
 30041 | Depths:1 | Bought a scroll of acquirement for 832 gold pieces
 30041 | Depths:1 | Bought a scroll of fog for 32 gold pieces
 30041 | Depths:1 | Bought a scroll of silence for 120 gold pieces
 30759 | Depths:1 | Identified Hoph's Disquisition on Weightlessness and
                  | Contamination
 30792 | Depths:1 | Found a one-way gate leading to the halls of Pandemonium.
 30978 | Depths:2 | Identified the +5 falchion of Pausad {venom, rF+ Int+4}
 31107 | Depths:2 | Found Piav Wie's Book Shoppe.
 31107 | Depths:2 | Found Sericom's Assorted Antiques.
 31130 | Depths:2 | Reached skill level 10 in Fire Magic
 31248 | Depths:2 | Bought a scroll of teleportation for 111 gold pieces
 31248 | Depths:2 | Bought a scroll of teleportation for 111 gold pieces
 31248 | Depths:2 | Bought a scroll of magic mapping for 129 gold pieces
 32705 | Depths:3 | Found a glowing golden altar of the Shining One.
 32802 | Hell     | Entered the Vestibule of Hell
 32802 | Hell     | Noticed Geryon
 32828 | Depths:4 | Entered Level 4 of the Depths
 32963 | Depths:4 | Noticed a walking crystal tome
 32994 | Depths:4 | Killed from afar by a living spell

Illustrated notes

Levels and vault maps discovered:
D:1:      grunt_arrival_lava_bath, layout_loops_ring, serial_forest,
          infiniplex_forest_clump_small, infiniplex_forest_straight_2,
          infiniplex_forest_corner_1, infiniplex_forest_corner_2,
          infiniplex_forest_clump_tiny, infiniplex_forest_end_2
D:2:      minmay_kobold_bridge, layout_basic, nicolae_grassy_gnolls,
          uniq_jessica
D:3:      layout_rooms
D:4:      layout_gridville, mainiacjoe_overflow_alcove_4, nicolae_shop_clearance
D:5:      layout_cave_pools, jmf_multi_god_temple2,
          minmay_temple_entry_statues_fountains, chequers_serial_rivers_small_b
D:6:      layout_cave_pools, tso_altar, grunt_dithmenos_smoke_and_mirrors
D:7:      layout_cave_pools, trog_butcher_becter, nzn_wu_jian_council_hall
D:8:      layout_cave_pools, serial_shops, nicolae_shop_statue_plus, shop,
          nicolae_shop_crystal
D:9:      layout_roguey, serial_shops, shop
D:10:     layout_stronghold, grunt_temple_overflow_open, grunt_decor_one_mirror
D:11:     layout_basic, dpeg_lair_monsters, orc_0_dummy
D:12:     layout_cave_pools, serial_shops, nicolae_take_the_stairs,
          nicolae_shop_hallway_plus, nicolae_inconvenience_store,
          hangedman_cracks_in_the_wall
D:13:     minmay_four_partial_circles, layout_basic, kennysheep_treasure_room,
          uniq_nessos, uniq_kirke, uniq_sonja, uniq_rupert
D:14:     layout_gridville, david_vaults_2, vehumet_crystals, uniq_agnes
D:15:     hangedman_depths_entry_try_elsewhere_first, layout_cross,
          gammafunk_ghost_tricky_traps, minmay_fractal_squares_gapless_7
Lair:1:   layout_cave_pods, hangedman_lair_generics_rect, grunt_megastairs_1
Lair:2:   layout_hall_layers, swamp_mist, uniq_fannar
Lair:3:   layout_cave_pods, nicolae_spider_entry_non_spiders,
          gauntlet_entry_generic, lemuel_fruit_fields
Lair:4:   layout_regular_city, chequers_serial_rivers_marsh, grunt_megastairs_2
Lair:5:   layout_roguey, minmay_slime_entry_pillars
Lair:6:   guppyfry_lair_end_dragon, layout_small_grid, hibernation_bobbens,
          grunt_megastairs_3
Swamp:1:  layout_falls_marsh, nicolae_swamp_triple_paths
Swamp:2:  layout_falls_marsh, evilmike_swamp_ruin_house_4
Swamp:3:  layout_basic_swamp, evilmike_swamp_ruin_house_3
Swamp:4:  swamp_icy, layout_basic_swamp, swamp_pool3
Spider:1: cheibrodos_forgotten_conduit
Slime:1:  layout_caves, basic_altar
Orc:1:    layout_caves
Orc:2:    grunt_orc_cross, layout_caves, rock_pile
Elf:1:    eino_elf_arrival_sip, layout_loops_cross, hangedman_elf_represent,
          einodemon_armed_red_devil_minivault
Depths:1: layout_cave_shapes, minmay_misc_feat_tower, grunt_mini_vestibule,
          pan_entry, roderic_roman_lattice, minmay_statues_item, fountainhead,
          hangedman_aviary, minmay_shoptagon
Depths:2: minmay_coctagon, layout_cave_pools, rand_demon_pan_entry_5,
          columned_hall_lemuel, grunt_hell_entry_dis_grunt, serial_shops,
          nicolae_shop_window_shopping, shop, shop, shop, serial_bayou_pond_d,
          nicolae_fountain_basement, infiniplex_staircase_pillars_2
Depths:3: abrahamwl_protected_by_tso_3, layout_honeycomb, hell_entry,
          serial_shops, nicolae_square_shop, nicolae_shop_behind_doors,
          chequers_serial_rivers_large_b, minmay_room_of_horrors, uniq_xtahua
Depths:4: grunt_zot_entry_pinwheel, layout_cave_shapes, enter_ziggurat_f,
          nicolae_twisting_strands, hellmouth_1
Hell

Skill      XL: |  1  2  3  4  5  6  7  8  9 10 11 12 13 14 15 16 17 18 |
---------------+-------------------------------------------------------+-----
Axes           | 3 4 5 6 8 9 11 14 16 17 | 17.9
Fighting       | 5 9 10 11 13 14 15 16 17 18 | 18.0
Armour         | 6 7 8 10 11 12 13 | 13.7
Shields        | 5 7 8 9 |  9.2
Fire Magic     | 2 4 5 6 9 10 | 10.7
Evocations     | 2 4 6 8 10 12 13 14 | 14.2
Polearms       | 4 10 14 16 17 18 | 18.0

Action                   |  1- 3 |  4- 6 |  7- 9 | 10-12 | 13-15 | 16-18 || total
-------------------------+-------+-------+-------+-------+-------+-------++-------
Melee: War axe           |    91 |   106 |       |    30 |       |       ||   227
       Broad axe         |       |    27 |   199 |   426 |   126 |       ||   778
       Dagger            |       |       |       |    39 |       |       ||    39
       Flail             |       |       |       |    14 |       |       ||    14
       Halberd           |       |       |       |       |   968 |  1376 ||  2344
Throw: Dart              |       |       |    17 |    11 |       |     2 ||    30
Invok: Curse Item        |       |       |     3 |     7 |     3 |     3 ||    16
       Shatter the Chain |       |       |       |     2 |     3 |     2 ||     7
 Abil: Evoke Blink       |       |       |       |     1 |       |       ||     1
Evoke: Wand              |       |       |       |       |     1 |     6 ||     7
  Use: Scroll            |       |     2 |     1 |     1 |     7 |     7 ||    18
       Potion            |       |       |       |     2 |     5 |     3 ||    10
 Stab: Petrified         |       |       |       |       |     3 |       ||     3
       Paralysed         |       |       |       |       |     2 |       ||     2
Armor: Scale mail        |    41 |    37 |    90 |   238 |       |       ||   406
       Chain mail        |     5 |    26 |       |   163 |  1070 |   764 ||  2028
       Gold dragon scale |       |       |       |       |       |  1008 ||  1008
Dodge: Dodged            |    37 |    42 |    82 |   216 |   559 |   581 ||  1517
Block: Buckler           |    25 |    29 |    33 |   184 |    35 |       ||   306
